Map: Pylon LE

Players

llllllllllll

  • Race: Protoss Protoss
  • League: Master
  • Spawn Location: 11:00

gtCheticus - Winner!

  • Race: Zerg Zerg
  • League: Master
  • Spawn Location: 5:00

VOD

Have the link to the VOD?

Description

Time

  • Played on: Oct. 9, 2025, 8:32 p.m.
  • Length: 13:33
Show
View Real Time Build Order
Export as new Build Order

llllllllllll Protoss 

Build Orders: Carriers 

Get SALT Encoding   

  1  0:00  Probe  
  13  0:16  Pylon  
  13  0:17  Probe  
  14  0:27  Pylon  
  14  0:41  Forge  
  14  0:44  Probe  
  15  0:54  Pylon  
  15  1:23  Photon Cannon  
  15  1:24  Gateway  
  15  1:27  Pylon  
  15  1:40  Photon Cannon  
  15  1:42  Probe  
  16  2:00  Photon Cannon, Probe  
  17  2:08  Probe  
  18  2:21  Assimilator  
  18  2:26  Cybernetics Core  
  18  2:35  Probe  
  19  2:39  Assimilator  
  19  2:43  Probe  
  20  2:51  Probe  
  20  2:55  Photon Cannon  
  21  3:01  Probe  
  21  3:05  Pylon  
  22  3:08  Shield Battery  
  22  3:11  Probe  
  22  3:19  Probe  
  24  3:33  Stargate  
  24  3:50  Nexus  
  24  4:12  Void Ray  
  28  4:21  Unknown  
  32  4:55  Void Ray  
  32  5:01  Probe  
  32  5:05  Fleet Beacon  
  33  5:13  Probe  
  34  5:17  Pylon  
  34  5:26  Probe  
  35  5:36  Probe  
  36  5:44  Probe  
  36  5:45  Carrier  
  36  5:46  Nexus  
  37  5:52  Probe  
  44  6:04  Probe  
  44  6:07  Pylon  
  45  6:16  Probe  
  46  6:23  Pylon  
  46  6:25  Stargate  
  46  6:28  Probe  
  47  6:38  Carrier  
  47  6:40  Probe  
  48  6:52  Probe  
  55  7:04  Probe  
  55  7:05  Carrier, Pylon  
  56  7:10  Unknown, Probe  
  57  7:22  Probe  
  64  7:31  Carrier, Robotics Facility  
  64  7:36  Stargate  
  64  7:46  Pylon  
  64  7:50  Carrier  
  70  8:02  Probe  
  77  8:14  Probe  
  77  8:16  Carrier  
  78  8:26  Probe  
  85  8:27  Observer  
  86  8:38  Probe  
  87  8:45  Observer  
  88  8:50  Carrier, Probe  
  95  8:58  Probe  
  97  9:02  Probe  
  97  9:10  Probe  
  98  9:22  Carrier x2  
  86  9:34  Observer  
  99  9:40  Probe  
  99  9:42  Stargate  
  100  9:52  Probe  
  101  9:59  Pylon  
  101  10:02  Pylon x2  
  101  10:08  Carrier  
  106  10:23  Carrier x2  
  106  10:25  Pylon  
  106  10:27  Stargate  
  118  10:36  Probe  
  119  10:47  Observer  
  119  10:48  Probe  
  120  11:03  Nexus  
  120  11:05  Observer, Carrier  
  127  11:21  Pylon  
  127  11:23  Observer  
  128  11:44  Carrier  
  128  11:45  Carrier  
  140  11:59  Nexus  
  135  12:23  Carrier  
  110  12:49  Pylon  
  98  13:09  Photon Cannon, Robotics Bay  
  98  13:10  Photon Cannon  
  97  13:16  Photon Cannon  
Show
View Real Time Build Order
Export as new Build Order

gtCheticus Zerg - Winner!

Build Orders: Pool First 

Get SALT Encoding   

  12  0:00  Drone  
  13  0:08  Drone  
  14  0:20  Overlord  
  14  0:38  Drone x3  
  17  0:47  Spawning Pool  
  16  0:50  Drone  
  17  1:02  Extractor  
  17  1:03  Drone  
  17  1:12  Drone  
  18  1:28  Drone  
  19  1:34  Drone  
  19  1:35  Queen  
  19  1:38  Extractor  
  21  1:43  Drone  
  22  1:53  Overlord  
  22  2:12  Drone  
  22  2:14  Lair  
  23  2:21  Hatchery  
  22  2:25  Drone  
  22  2:27  Drone  
  24  2:47  Drone x3  
  27  3:00  Overlord  
  27  3:12  Queen  
  27  3:13  Infestation Pit  
  28  3:28  Drone x2  
  28  3:29  Overlord  
  28  3:32  Queen  
  32  3:51  Queen  
  52  4:17  Overlord  
  52  4:22  Spore Crawler  
  52  4:23  Spore Crawler  
  50  4:47  Queen x2  
  54  4:57  Overlord  
  54  5:01  Infestor x2  
  58  5:18  Hatchery  
  57  5:23  Infestor  
  59  5:34  Overseer  
  59  5:42  Burrow  
  59  5:56  Drone x5  
  59  5:57  Drone x2  
  66  6:08  Neural Parasite  
  66  6:20  Drone x2  
  68  6:31  Overlord x3  
  68  6:37  Extractor x2  
  66  6:49  Infestor  
  68  6:54  Queen x2  
  72  7:22  Infestor x2  
  76  7:38  Drone  
  76  7:39  Drone x11  
  88  7:57  Overlord x3  
  88  8:13  Spore Crawler  
  88  8:15  Spore Crawler  
  86  8:20  Infestor x3  
  92  8:32  Evolution Chamber x2  
  90  8:56  Overlord  
  87  9:03  Zerg Missile Weapons Level 1, Zerg Ground Armor Level 1  
  87  9:04  Hydralisk Den  
  87  9:09  Queen  
  71  9:10  Queen x2  
  77  9:32  Overlord  
  77  9:37  Microbial Shroud  
  77  9:38  Grooved Spines  
  77  9:40  Drone x6  
  77  9:41  Drone  
  77  9:44  Drone  
  77  9:45  Hatchery  
  84  10:01  Infestor x4  
  84  10:03  Overseer  
  92  10:16  Drone x4  
  92  10:17  Drone x2  
  98  10:44  Overlord, Hydralisk x6  
  98  10:46  Overseer  
  110  10:56  Muscular Augments  
  110  11:02  Extractor x2  
  108  11:10  Zergling x2  
  109  11:14  Zerg Ground Armor Level 2  
  109  11:16  Zerg Missile Weapons Level 2  
  109  11:20  Drone  
  109  11:21  Drone x8  
  118  11:30  Overlord  
  118  11:32  Infestor x13  
  118  11:34  Overlord  
  118  11:35  Metabolic Boost  
  118  11:41  Infestor x12  
  118  11:42  Infestor  
  120  11:49  Hydralisk  
  120  11:50  Hydralisk x3  
  120  11:53  Zergling x4  
  117  12:42  Infestor x12  
  115  12:55  Overlord  
  115  12:56  Overlord x2, Hydralisk x7  
  115  12:57  Hydralisk x13  
  155  13:09  Overlord x2  
  155  13:11  Zergling x2  
  155  13:12  Zergling x8  
Tags
 
Composition
Carriers
Matchup
PvZ
Opening
Pool First
Spawn Locations
Cross Positions
Add a new tag
Caveats
  • Supply blocks, unpowered buildings, or Contaminate may cause inaccurate times.
  • Supply counts are checked every 10 seconds.